TOP OF THE 1ST |
Mobile BayBears batting - Pitching for Pensacola Blue Wahoos : LHP Elijah McLeod
|
Pitching: LHP Elijah McLeod
|
|
Batting: RHB Carlos Ballesteros
|
0-0: Swinging Strike 0-1: Ball 1-1: Swinging Strike 1-2: Fly out, F7 (Flyball, 7LS, EV 80.0 MPH)
|
Batting: LHB Soo-yeon Kym
|
0-0: Foul Ball, location: 2F 0-1: Swinging Strike 0-2: Strikes out swinging
|
Batting: RHB Josh Burrows
|
0-0: Ball 1-0: Swinging Strike 1-1: Swinging Strike 1-2: Ball 2-2: Reached on error, E6 (Groundball, 6, EV 102.5 MPH)
|
Batting: RHB Blake Beale
|
0-0: Foul Ball, location: 2F 0-1: Ball 1-1: Foul Ball, location: 2F 1-2: Ball 2-2: Foul Ball, location: 2F 2-2: Ball 3-2: Strikes out swinging
|
Top of the 1st over - 0 runs, 0 hits, 1 error, 1 left on base; Mobile 0 - Pensacola 0 |
BOTTOM OF THE 1ST |
Pensacola Blue Wahoos batting - Pitching for Mobile BayBears : LHP Sean Zech
|
Pitching: LHP Sean Zech
|
|
Batting: RHB Sang-ton Pak
|
0-0: Called Strike 0-1: Swinging Strike 0-2: Foul Ball, location: 2F 0-2: Strikes out swinging
|
Batting: LHB Phil Lomax
|
0-0: Called Strike 0-1: Ball 1-1: Called Strike 1-2: Foul Ball, location: 2F 1-2: Strikes out swinging, 2-3 out at first.
|
Batting: RHB Jordan Torres
|
0-0: Fly out, F9 (Line Drive, 9D, EV 93.1 MPH)
|
Bottom of the 1st over - 0 runs, 0 hits, 0 errors, 0 left on base; Mobile 0 - Pensacola 0 |
TOP OF THE 2ND |
Mobile BayBears batting - Pitching for Pensacola Blue Wahoos : LHP Elijah McLeod
|
Batting: RHB Chris Bittner
|
0-0: Ball 1-0: Ball 2-0: Ball 3-0: Base on Balls
|
Batting: RHB Will Washburn
|
0-0: Ball 1-0: Ball 2-0: Called Strike 2-1: SINGLE (Groundball, 6MD, EV 97.5 MPH) Chris Bittner to second
|
Batting: RHB Jeremy Adams
|
0-0: Called Strike 0-1: Fly out, F9 (Flyball, 89M, EV 87.5 MPH)
|
Batting: RHB Franklin Villanueva
|
0-0: Ball 1-0: Reached on error, E6 (Groundball, 6, EV 84.4 MPH) Chris Bittner to third Will Washburn to second
|
Batting: RHB Curt Barrett
|
0-0: Ball Passed Ball! Chris Bittner scores Will Washburn to third Franklin Villanueva to second 1-0: Ball 2-0: Ball 3-0: Called Strike 3-1: Foul Ball, location: 2F 3-2: Base on Balls
|
Batting: RHB Carlos Ballesteros
|
0-0: SINGLE (Groundball, 6D, EV 103.1 MPH) Will Washburn scores Franklin Villanueva to third Curt Barrett to second
|
Batting: LHB Soo-yeon Kym
|
0-0: Foul Ball, location: 2F 0-1: SINGLE (Groundball, 4MS, EV 99.4 MPH) Franklin Villanueva scores Curt Barrett to third Carlos Ballesteros to second
|
Batting: RHB Josh Burrows
|
0-0: Swinging Strike 0-1: Foul Ball, location: 2F 0-2: Fly out, F6 (Popup, 15, EV 70.0 MPH)
|
Batting: RHB Blake Beale
|
0-0: Ball 1-0: Ball 2-0: Foul Ball, location: 2F 2-1: Ball 3-1: Foul Ball, location: 2F 3-2: Strikes out swinging
|
Top of the 2nd over - 3 runs, 3 hits, 1 error, 3 left on base; Mobile 3 - Pensacola 0 |
BOTTOM OF THE 2ND |
Pensacola Blue Wahoos batting - Pitching for Mobile BayBears : LHP Sean Zech
|
Batting: RHB Dave Ruiz
|
0-0: Ball 1-0: Ground out 6-3 (Groundball, 6, EV 88.8 MPH)
|
Batting: LHB Brian Snyder
|
0-0: Ball 1-0: Ball 2-0: Ground out 4-3 (Groundball, 34D, EV 85.0 MPH)
|
Batting: RHB Steve Hansen
|
0-0: Foul Ball, location: 2F 0-1: Called Strike 0-2: Ball 1-2: SINGLE (Flyball, 4D, EV 90.6 MPH)
|
Batting: RHB Joe Kooyers
|
0-0: Ball 1-0: SINGLE (Groundball, 4MD, EV 106.2 MPH) Steve Hansen to second
|
Batting: RHB Pat Mage
|
0-0: SINGLE (Groundball, 6MD, EV 105.0 MPH) Steve Hansen to third Joe Kooyers to second Runner from 3rd tries for Home, throw by CF and OUT! 8-2
|
Bottom of the 2nd over - 0 runs, 3 hits, 0 errors, 2 left on base; Mobile 3 - Pensacola 0 |
TOP OF THE 3RD |
Mobile BayBears batting - Pitching for Pensacola Blue Wahoos : LHP Elijah McLeod
|
Batting: RHB Chris Bittner
|
0-0: Called Strike 0-1: Swinging Strike 0-2: Ball 1-2: Strikes out swinging
|
Batting: RHB Will Washburn
|
0-0: Called Strike 0-1: Ground out 6-3 (Groundball, 6, EV 78.1 MPH)
|
Batting: RHB Jeremy Adams
|
0-0: Ball 1-0: Called Strike 1-1: Called Strike 1-2: Strikes out looking
|
Top of the 3rd over - 0 runs, 0 hits, 0 errors, 0 left on base; Mobile 3 - Pensacola 0 |
BOTTOM OF THE 3RD |
Pensacola Blue Wahoos batting - Pitching for Mobile BayBears : LHP Sean Zech
|
Batting: RHB Matt Silva
|
0-0: Swinging Strike 0-1: Called Strike 0-2: Ball 1-2: Ball 2-2: Strikes out looking
|
Batting: RHB Sang-ton Pak
|
0-0: Called Strike 0-1: Swinging Strike 0-2: Strikes out swinging
|
Batting: LHB Phil Lomax
|
0-0: Ground out 6-3 (Groundball, 6D, EV 83.1 MPH)
|
Bottom of the 3rd over - 0 runs, 0 hits, 0 errors, 0 left on base; Mobile 3 - Pensacola 0 |
TOP OF THE 4TH |
Mobile BayBears batting - Pitching for Pensacola Blue Wahoos : LHP Elijah McLeod
|
Batting: RHB Franklin Villanueva
|
0-0: Fly out, F8 (Flyball, 8RD, EV 101.9 MPH)
|
Batting: RHB Curt Barrett
|
0-0: Ball 1-0: Ball 2-0: Foul Ball, location: 2F 2-1: Foul Ball, location: 2F 2-2: Ball 3-2: Foul Ball, location: 2F 3-2: Ground out 1-3 (Groundball, P, EV 72.5 MPH)
|
Batting: RHB Carlos Ballesteros
|
0-0: Called Strike 0-1: Swinging Strike 0-2: SINGLE (Groundball, 6MD, EV 101.9 MPH)
|
Batting: LHB Soo-yeon Kym
|
0-0: Hit by Pitch Carlos Ballesteros to second
|
Batting: RHB Josh Burrows
|
0-0: Called Strike 0-1: Ball 1-1: DOUBLE (Groundball, 5L, EV 99.4 MPH) Carlos Ballesteros scores Soo-yeon Kym to third
|
Batting: RHB Blake Beale
|
0-0: Called Strike 0-1: Swinging Strike 0-2: Ball 1-2: Ball 2-2: Fly out, F9 (Flyball, 9LS, EV 73.1 MPH)
|
Top of the 4th over - 1 run, 2 hits, 0 errors, 2 left on base; Mobile 4 - Pensacola 0 |
BOTTOM OF THE 4TH |
Pensacola Blue Wahoos batting - Pitching for Mobile BayBears : LHP Sean Zech
|
Batting: RHB Jordan Torres
|
0-0: Ground out 4-3 (Groundball, 4, EV 86.2 MPH)
|
Batting: RHB Dave Ruiz
|
0-0: Called Strike 0-1: Foul Ball, location: 2F 0-2: Strikes out looking
|
Batting: LHB Brian Snyder
|
0-0: Foul Ball, location: 2F 0-1: Ball 1-1: Called Strike 1-2: Foul Ball, location: 2F 1-2: Ground out 6-3 (Groundball, 4, EV 83.1 MPH)
|
Bottom of the 4th over - 0 runs, 0 hits, 0 errors, 0 left on base; Mobile 4 - Pensacola 0 |
TOP OF THE 5TH |
Mobile BayBears batting - Pitching for Pensacola Blue Wahoos : LHP Elijah McLeod
|
Batting: RHB Chris Bittner
|
0-0: Called Strike 0-1: Swinging Strike 0-2: Ball 1-2: Foul Ball, location: 2F 1-2: Ball 2-2: Strikes out looking
|
Batting: RHB Will Washburn
|
0-0: DOUBLE (Line Drive, 78D, EV 109.4 MPH)
|
Batting: RHB Jeremy Adams
|
0-0: Called Strike 0-1: Foul Ball, location: 2F 0-2: Ball 1-2: SINGLE (Line Drive, 6MD, EV 108.1 MPH) Will Washburn to third
|
Batting: RHB Franklin Villanueva
|
0-0: Grounds into double play, 4-6-3 (Groundball, 4, EV 77.5 MPH)
|
Top of the 5th over - 0 runs, 2 hits, 0 errors, 1 left on base; Mobile 4 - Pensacola 0 |
BOTTOM OF THE 5TH |
Pensacola Blue Wahoos batting - Pitching for Mobile BayBears : LHP Sean Zech
|
Batting: RHB Steve Hansen
|
0-0: Called Strike 0-1: Hit by Pitch
|
Batting: RHB Joe Kooyers
|
0-0: Foul Ball, location: 2F 0-1: Ball 1-1: SINGLE (Line Drive, 9LS, EV 92.5 MPH) Steve Hansen to second
|
Batting: RHB Pat Mage
|
0-0: Called Strike 0-1: Fielders Choice at 2nd, 4-6 (Groundball, 4, EV 81.9 MPH) Steve Hansen to third
|
Now at SS: Ed Vargas
|
|
Batting: RHB Matt Silva
|
0-0: Called Strike 0-1: Foul Ball, location: 2F 0-2: Ball 1-2: Foul Ball, location: 2F 1-2: Ball 2-2: Reached via error on a dropped throw from 2B, E6 (Groundball, 4MD, EV 89.4 MPH) Steve Hansen scores Pat Mage to second
|
Batting: RHB Sang-ton Pak
|
0-0: Ball 1-0: Swinging Strike 1-1: Swinging Strike 1-2: Strikes out looking
|
Batting: LHB Phil Lomax
|
0-0: Ball 1-0: Foul Ball, location: 2F 1-1: Ball 2-1: Foul Ball, location: 2F 2-2: Strikes out swinging
|
Bottom of the 5th over - 1 run, 1 hit, 1 error, 2 left on base; Mobile 4 - Pensacola 1 |
TOP OF THE 6TH |
Mobile BayBears batting - Pitching for Pensacola Blue Wahoos : LHP Elijah McLeod
|
Batting: RHB Curt Barrett
|
0-0: Swinging Strike 0-1: Foul Ball, location: 2F 0-2: Strikes out looking
|
Batting: SHB Ed Vargas
|
0-0: Foul Ball, location: 2F 0-1: Called Strike 0-2: Strikes out looking
|
Batting: LHB Soo-yeon Kym
|
0-0: Called Strike 0-1: Swinging Strike 0-2: Ball 1-2: Strikes out looking
|
Top of the 6th over - 0 runs, 0 hits, 0 errors, 0 left on base; Mobile 4 - Pensacola 1 |
BOTTOM OF THE 6TH |
Pensacola Blue Wahoos batting - Pitching for Mobile BayBears : LHP Sean Zech
|
Batting: RHB Jordan Torres
|
0-0: Ball 1-0: Swinging Strike 1-1: Foul Ball, location: 2F 1-2: Ball 2-2: Ground out 6-3 (Groundball, 6, EV 98.1 MPH)
|
Batting: RHB Dave Ruiz
|
0-0: Ground out 4-3 (Groundball, 4, EV 81.2 MPH)
|
Batting: LHB Brian Snyder
|
0-0: DOUBLE (Line Drive, 3D, EV 95.0 MPH)
|
Batting: RHB Steve Hansen
|
0-0: Ball 1-0: Foul Ball, location: 2F 1-1: Ball 2-1: Foul Ball, location: 2F 2-2: Foul Ball, location: 2F 2-2: SINGLE (Groundball, 6, EV 106.2 MPH) Brian Snyder to third Runner from 3rd tries for Home, SAFE, throw by CF to home
|
Batting: RHB Joe Kooyers
|
0-0: Ball 1-0: Fly out, F4 (Line Drive, 34, EV 72.5 MPH)
|
Bottom of the 6th over - 1 run, 2 hits, 0 errors, 1 left on base; Mobile 4 - Pensacola 2 |
TOP OF THE 7TH |
Mobile BayBears batting - Pitching for Pensacola Blue Wahoos : LHP Elijah McLeod
|
Batting: RHB Josh Burrows
|
0-0: Called Strike 0-1: Ball 1-1: Ball 2-1: Ball 3-1: Fly out, F7 (Line Drive, 78M, EV 90.6 MPH)
|
Pitching: LHP Eric Dennis
|
|
Batting: RHB Blake Beale
|
0-0: Foul Ball, location: 2F 0-1: SOLO HOME RUN (Flyball, 9LD, EV 89.4 MPH), Distance : 347 ft
|
Batting: RHB Chris Bittner
|
0-0: Called Strike 0-1: Ball 1-1: Foul Ball, location: 2F 1-2: Fly out, F8 (Flyball, 8LD, EV 100.0 MPH)
|
Batting: RHB Will Washburn
|
0-0: Swinging Strike 0-1: Ball 1-1: Swinging Strike 1-2: Foul Ball, location: 2F 1-2: Foul Ball, location: 2F 1-2: Ball 2-2: Foul Ball, location: 2F 2-2: Foul Ball, location: 2F 2-2: Strikes out swinging
|
Top of the 7th over - 1 run, 1 hit, 0 errors, 0 left on base; Mobile 5 - Pensacola 2 |
BOTTOM OF THE 7TH |
Pensacola Blue Wahoos batting - Pitching for Mobile BayBears : LHP Sean Zech
|
Batting: RHB Pat Mage
|
0-0: Foul Ball, location: 2F 0-1: Ball 1-1: Foul Ball, location: 2F 1-2: Strikes out swinging
|
Batting: RHB Matt Silva
|
0-0: Called Strike 0-1: Ball 1-1: Called Strike 1-2: Ball 2-2: Ball 3-2: Foul Ball, location: 2F 3-2: Foul Ball, location: 2F 3-2: Base on Balls
|
Pitching: RHP Jason Hammons
|
|
Batting: RHB Sang-ton Pak
|
0-0: Foul Ball, location: 2F 0-1: Foul Ball, location: 2F 0-2: Ball 1-2: Ball 2-2: Strikes out swinging
|
Batting: LHB Phil Lomax
|
0-0: Called Strike 0-1: Ball Wild Pitch! Matt Silva to second 1-1: Foul Ball, location: 2F 1-2: Foul Ball, location: 2F 1-2: Ball 2-2: Strikes out looking
|
Bottom of the 7th over - 0 runs, 0 hits, 0 errors, 1 left on base; Mobile 5 - Pensacola 2 |
TOP OF THE 8TH |
Mobile BayBears batting - Pitching for Pensacola Blue Wahoos : LHP Eric Dennis
|
Pitching: RHP Gilbert Paparelli
|
|
Batting: RHB Jeremy Adams
|
0-0: Called Strike 0-1: Ball 1-1: Foul Ball, location: 2F 1-2: Strikes out looking
|
Batting: RHB Franklin Villanueva
|
0-0: Called Strike 0-1: Swinging Strike 0-2: Ball 1-2: Foul Ball, location: 2F 1-2: Strikes out swinging
|
Batting: RHB Curt Barrett
|
0-0: Ball 1-0: Ball 2-0: Foul Ball, location: 2F 2-1: Foul Ball, location: 2F 2-2: Foul Ball, location: 2F 2-2: Fly out, F8 (Flyball, 8RD, EV 85.0 MPH)
|
Top of the 8th over - 0 runs, 0 hits, 0 errors, 0 left on base; Mobile 5 - Pensacola 2 |
BOTTOM OF THE 8TH |
Pensacola Blue Wahoos batting - Pitching for Mobile BayBears : RHP Jason Hammons
|
Batting: RHB Jordan Torres
|
0-0: Ball 1-0: Ball 2-0: Swinging Strike 2-1: Called Strike 2-2: SOLO HOME RUN (Flyball, 7LD, EV 96.2 MPH), Distance : 352 ft
|
Batting: RHB Dave Ruiz
|
0-0: DOUBLE (Line Drive, 89D, EV 111.2 MPH)
|
Batting: LHB Brian Snyder
|
0-0: Called Strike 0-1: Ball 1-1: Foul Ball, location: 2F 1-2: Strikes out looking
|
Batting: RHB Steve Hansen
|
0-0: Ball 1-0: Fly out, F9 (Flyball, 9, EV 80.6 MPH)
|
Batting: RHB Joe Kooyers
|
0-0: Swinging Strike 0-1: Swinging Strike 0-2: Ball 1-2: Strikes out looking
|
Bottom of the 8th over - 1 run, 2 hits, 0 errors, 1 left on base; Mobile 5 - Pensacola 3 |
TOP OF THE 9TH |
Mobile BayBears batting - Pitching for Pensacola Blue Wahoos : RHP Gilbert Paparelli
|
Pitching: RHP Rob Penton
|
|
Batting: SHB Ed Vargas
|
0-0: Foul Ball, location: 2F 0-1: Foul Ball, location: 2F 0-2: Strikes out swinging
|
Batting: LHB Soo-yeon Kym
|
0-0: Ground out 6-3 (Groundball, 6, EV 86.9 MPH)
|
Batting: RHB Josh Burrows
|
0-0: Called Strike 0-1: Ball 1-1: Ball 2-1: Ball 3-1: Swinging Strike 3-2: Strikes out looking
|
Top of the 9th over - 0 runs, 0 hits, 0 errors, 0 left on base; Mobile 5 - Pensacola 3 |
BOTTOM OF THE 9TH |
Pensacola Blue Wahoos batting - Pitching for Mobile BayBears : RHP Jason Hammons
|
Pitching: RHP Edwin Martinez
|
|
Now at 1B: T.J. Duvall
|
|
Batting: RHB Pat Mage
|
0-0: Ground out 1-3 (Groundball, 13S, EV 73.1 MPH)
|
Batting: RHB Matt Silva
|
0-0: Called Strike 0-1: Swinging Strike 0-2: Strikes out swinging
|
Batting: RHB Sang-ton Pak
|
0-0: Swinging Strike 0-1: Ball 1-1: Swinging Strike 1-2: Ball 2-2: Strikes out swinging
|
Bottom of the 9th over - 0 runs, 0 hits, 0 errors, 0 left on base; Mobile 5 - Pensacola 3 |
|